 Dungeon Crawl Stone Soup version 0.30-a0-377-g5cb311bc9f (console) character file.

Game seed: 4091893763009536562

10098 rlgrobin the Nimble (level 11, -8/58 HPs)
             Began as a Deep Elf Chaos Knight on Nov 29, 2022.
             Was a Plaything of Xom.
             Mangled by a komodo dragon (34 damage)
             ... on level 11 of the Dungeon.
             The game lasted 00:38:12 (12105 turns).

rlgrobin the Nimble (Deep Elf Chaos Knight)        Turns: 12105, Time: 00:38:14

Health: -8/58      AC: 10    Str:  8 (9)  XL:     11   Next: 31%
Magic:  23/23      EV: 15    Int: 27 (28) God:    Xom [..*...]
Gold:   1648       SH:  7    Dex: 12 (14) Spells: 21/24 levels left

rFire   . . .      SeeInvis .    a - +1 short sword (chaos)
rCold   + . .      Faith    .    g - +2 buckler
rNeg    . . .      Spirit   .    b - +2 leather armour
rPois   .          Reflect  .    N - +0 helmet
rElec   .          Harm     .    (no cloak)
rCorr   .          Rampage  .    j - +0 pair of gloves
Will    +....                    B - +2 pair of boots
Stlth   ++........               L - amulet of Vitality {RegenMP++ Regen++}
HPRegen 1.89/turn                x - ring of protection from cold
MPRegen 0.98/turn                w - +6 ring of intelligence

@: no status effects
A: iridescent scales 1, deformed body, deterioration 1
a: Renounce Religion


You were on level 11 of the Dungeon.
You worshipped Xom.
You were a toy of Xom.
You visited 2 branches of the dungeon, and saw 12 of its levels.
You also visited: Sewer.

You collected 1829 gold pieces.
You spent 181 gold pieces at shops.

Inventory:

Hand Weapons
 a - a +1 short sword of chaos (weapon)
 E - a +2 dagger of flaming
Missiles
 i - 7 curare-tipped darts
 p - 6 atropa-tipped darts
 u - 27 poisoned darts (quivered)
 D - 3 throwing nets
Armour
 b - a +2 leather armour (worn)
 g - a +2 buckler (worn)
 j - a +0 pair of gloves (worn)
 B - a +2 pair of boots (worn)
 N - a +0 helmet (worn)
Jewellery
 w - a +6 ring of intelligence (right hand)
 x - a ring of protection from cold (left hand)
 y - a ring of wizardry
 A - a ring of poison resistance
 L - the amulet of Vitality (around neck) {RegenMP++ Regen++}
   (You found it on level 8 of the Dungeon)

   [amulet of magic regeneration]

   It increases your rate of magic regeneration.
   Regen:     It increases your rate of health regeneration.
 O - a ring of positive energy
Wands
 z - a wand of mindburst (37)
 F - a wand of digging (4)
 G - a wand of iceblast (17)
 P - a wand of flame (6)
Scrolls
 o - 2 scrolls of teleportation
 s - 2 scrolls of fear
 H - a scroll of silence {unknown}
 I - 3 scrolls of blinking {unknown}
 J - 2 scrolls of enchant weapon
 K - a scroll of poison {unknown}
 M - 2 scrolls of enchant armour {unknown}
Potions
 d - 3 potions of berserk rage {unknown}
 e - 2 potions of haste
 f - 3 potions of might {unknown}
 h - a potion of resistance {unknown}
 k - 3 potions of curing
 l - a potion of attraction
 m - a potion of ambrosia
 n - 2 potions of lignification {unknown}
 q - a potion of degeneration {unknown}
 r - a potion of invisibility
 t - 3 potions of brilliance
 v - 2 potions of heal wounds
 C - 3 potions of flight
 Q - a potion of cancellation {unknown}
Miscellaneous
 c - a piece from Xom's chessboard (15/15)


   Skills:
 - Level 2.4 Fighting
 - Level 8.0 Short Blades
 - Level 0.7 Armour
 - Level 11.0 Dodging
 - Level 3.1 Stealth
 - Level 4.0 Shields
 - Level 7.0 Spellcasting
 - Level 9.5 Summonings
 + Level 7.6 Evocations


You had 21 spell levels left.
You knew the following spells:

 Your Spells              Type           Power      Damage    Failure   Level
a - Call Canine Familiar  Summ           57%        N/A       1%          3

Your spell library contained the following spells:

 Spells                   Type           Power      Damage    Failure   Level
 Magic Dart               Conj           36%        1d4       11%         1
 Searing Ray              Conj           18%        2d5       16%         2
 Portal Projectile        Hex/Tloc       18%        N/A       32%         3
 Tukima's Dance           Hex            9%         N/A       32%         3
 Vhi's Electric Charge    Tloc/Air       18%        N/A       32%         3
 Fulminant Prism          Conj/Hex       4%         3d5       71%         4
 Leda's Liquefaction      Hex/Erth       4%         N/A       71%         4
 Arcjolt                  Conj/Air       4%         1d14      96%         5
 Blade Hands              Tmut           4%         N/A       96%         5
 Maxwell's Capacitive Co  Air            4%         ∞         100%        8


Dungeon Overview and Level Annotations

Branches:
Dungeon (11/15)            Temple (1/1) D:4            Lair (0/5) D:11
  Sewer (visited)
    Orc: D:9-12

Altars:
Ashenzari
Cheibriados
Dithmenos
Elyvilon
Fedhas
Gozag
Hepliaklqana
Kikubaaqudgha
Makhleb
Nemelex Xobeh
Okawaru
Qazlal
Ru
Sif Muna
Trog
Uskayaw
Vehumet
Wu Jian
Xom
Yredelemnul
Zin
The Shining One

Shops:
D:5 [   D:9 :


Innate Abilities, Weirdness & Mutations

You are partially covered in iridescent scales. (AC +2)
Armour fits poorly on your strangely shaped body.
Your body sometimes deteriorates upon taking damage.


Message History

Your body deteriorates!
You feel weakened.
Casting: Call Canine Familiar (safe; 1% risk of failure)
Confirm with . or Enter, or press ? or * to list all spells.
The komodo dragon is engulfed in seething chaos.
The komodo dragon barely misses you.
The komodo dragon is engulfed in seething chaos.
The komodo dragon seems to slow down.
The komodo dragon completely misses you.
You hit the komodo dragon but do no damage.
The komodo dragon is poisoned.
The komodo dragon is no longer moving slowly.
Your wolf bites the komodo dragon.
You barely miss the komodo dragon.
The komodo dragon is moderately wounded.
The komodo dragon bites you!!
Ouch! That really hurt!
Your body deteriorates!
You feel dopey.
Your wolf bites the komodo dragon.
Press: ? - help, v - describe, . - travel
Here: a komodo dragon (moderately wounded, fast, not watching you, very poisoned, ally target)
The floor, spattered with blood.
The komodo dragon is engulfed in seething chaos.
The komodo dragon seems to grow stronger.
The komodo dragon barely misses you.
You closely miss the komodo dragon.
The komodo dragon is moderately wounded.
Your wolf closely misses the komodo dragon.
The komodo dragon is engulfed in seething chaos.
You block the komodo dragon's attack.
Your wolf bites the komodo dragon.
You hit the komodo dragon but do no damage.
The komodo dragon is heavily wounded.
The komodo dragon is engulfed in seething chaos.
The komodo dragon bites you.
Your wolf bites the komodo dragon.
You hit the komodo dragon.
The komodo dragon is severely wounded.
Your wolf bites the komodo dragon.
The komodo dragon is engulfed in seething chaos.
The komodo dragon bites you!!
Ouch! That really hurt!
You die...

.. ..# ####. ##
#.... .# #.##. l#
#.##.##.# #.#
..#.# #.# #.#.#
#.###.#.#
#@lh....# #####
#####.######
#.... #.........#
#.###
#.#..##.#.###....
#.#..#...........
#.#.....#.###....
#.#.###^#.# #....
#....^..#.# #####
###.......#


You could see a komodo dragon (fast, strong, very poisoned, ally target) and a
friendly wolf (summoned).

Vanquished Creatures
  A hornet (D:8)
  2 wraiths (D:11)
  5 yaks
  A warg (D:11)
  A water moccasin (D:3)
  An orc warrior (D:7)
  An ice beast (D:5)
  An ogre (D:4)
  4 centaurs
  2 kobold brigands (Sewer)
  2 bullfrogs
  A wight (D:9)
  4 killer bees
  2 howler monkeys
  A gnoll bouda (D:8)
  4 orc priests
  An iguana (D:5)
  3 orc wizards
  11 gnolls
  11 adders
  5 dart slugs
  16 orcs
  8 bats
  8 endoplasms
  6 giant cockroaches
  10 goblins
  8 hobgoblins
  5 jackals
  8 quokkas
  6 ball pythons
  9 frilled lizards
  21 kobolds
  20 rats
189 creatures vanquished.

Vanquished Creatures (collateral kills)
  A two-headed ogre (D:10)
  Pikel (D:7)
  A harpy (D:9)
  A cyclops (D:11)
  Joseph (D:10)
  A troll (D:11)
  A shadow (D:10)
  2 yaks
  A wraith (D:6)
  A vampire (D:11)
  2 steam dragons
  A warg (D:11)
  A water moccasin (D:6)
  2 ice beasts
  4 orc warriors
  A black bear (D:6)
  An ogre (D:4)
  A phantom (D:6)
  6 centaurs
  2 kobold brigands
  2 gnoll sergeants
  A bullfrog (D:9)
  2 necrophages (D:5)
  A scorpion (D:6)
  7 wights
  5 killer bees
  3 howler monkeys
  A hound (D:6)
  3 jellies (D:6)
  2 orc priests
  A gnoll bouda (D:9)
  2 iguanas (D:5)
  11 orc wizards
  19 gnolls
  3 adders
  A white imp (D:6)
  An ufetubus (D:6)
  19 orcs
  2 endoplasms (D:4)
  A giant cockroach (D:10)
  A goblin (D:4)
  6 kobolds
126 creatures vanquished.

Vanquished Creatures (others)
  A bush (D:9)
  63 plants
64 creatures vanquished.

Grand Total: 379 creatures vanquished

Notes
Turn   | Place    | Note
-------+----------+-------------------------------------------
     0 | D:1      | rlgrobin the Deep Elf Chaos Knight began the quest for the
                  | Orb.
     0 | D:1      | Reached XP level 1. HP: 13/13 MP: 3/3
    61 | D:1      | Reached skill level 1 in Stealth
   267 | D:1      | Reached XP level 2. HP: 18/18 MP: 4/4
   531 | D:1      | XOM: silly message
   792 | D:2      | XOM: noise
   800 | D:2      | XOM: noise
   808 | D:2      | Reached XP level 3. HP: 12/22 MP: 5/5
   914 | D:2      | XOM: polymorph bat -> goblin
   918 | D:2      | XOM: silly message
  1262 | D:2      | XOM: 1-stop teleportation journey
  1715 | D:2      | Reached XP level 4. HP: 27/27 MP: 6/6
  1898 | D:2      | XOM: give mutations
  1898 | D:2      | Gained mutation: You possess an exceptional clarity of
                  | mind. [Xom's grace]
  1898 | D:2      | Gained mutation: You have large cloven feet. [Xom's grace]
  1901 | D:2      | XOM: cloud trail
  1948 | D:2      | XOM: scenery: summon butterflies
  2124 | D:3      | Learned a level 3 spell: Call Canine Familiar
  2132 | D:3      | Identified a scroll of acquirement
  2132 | D:3      | Acquired 935 gold pieces
  2445 | D:3      | Reached skill level 1 in Spellcasting
  2445 | D:3      | Reached skill level 1 in Summonings
  2462 | D:3      | XOM: butterfly on damage
  2476 | D:3      | XOM: potion effect (haste)
  2543 | D:3      | Reached XP level 5. HP: 28/31 MP: 9/9
  2547 | D:3      | Found a glowing drain.
  2551 | Sewer    | Entered a sewer
  2668 | Sewer    | Reached XP level 6. HP: 32/36 MP: 11/13
  3091 | D:3      | Noticed a water moccasin
  3091 | D:3      | XOM: enchant monster (good)
  3096 | D:3      | Killed a water moccasin
  3118 | D:3      | Found a glowing silver altar of Zin.
  3118 | D:3      | XOM: 9-stop teleportation journey
  3244 | D:3      | XOM: scenery: create altars
  3310 | D:3      | XOM: god gift: scroll of fear
  3371 | D:3      | Reached skill level 5 in Spellcasting
  3585 | D:3      | Found a faded altar of an unknown god.
  3757 | D:4      | Reached XP level 7. HP: 40/40 MP: 12/16
  3808 | D:4      | Reached skill level 5 in Summonings
  3923 | D:4      | XOM: enchant monster (bad)
  3988 | D:4      | Found a staircase to the Ecumenical Temple.
  3997 | Temple   | Entered the Ecumenical Temple
  4127 | Temple   | XOM: noise
  4279 | D:4      | XOM: butterfly on damage
  4590 | D:4      | XOM: polymorph hound -> shapeshifter
  4722 | D:4      | Found a hazy altar of Hepliaklqana.
  4903 | D:5      | Entered Level 5 of the Dungeon
  4940 | D:5      | Found Qonae's Armour Emporium.
  4952 | D:5      | Bought a +2 buckler for 181 gold pieces
  5090 | D:5      | Reached XP level 8. HP: 40/45 MP: 13/17
  5301 | D:5      | XOM: 1-stop teleportation journey
  5487 | D:5      | Reached skill level 3 in Dodging
  5605 | D:6      | Reached skill level 4 in Dodging
  5821 | D:6      | XOM: 2-stop teleportation journey
  5876 | D:6      | Reached skill level 5 in Dodging
  5906 | D:6      | Reached skill level 6 in Dodging
  5946 | D:6      | XOM: scenery: create altars
  6112 | D:6      | Reached skill level 7 in Dodging
  6139 | D:6      | XOM: 1-stop teleportation journey
  6343 | D:6      | Reached skill level 8 in Dodging
  6343 | D:6      | Reached XP level 9. HP: 29/49 MP: 15/18
  6378 | D:6      | XOM: give mutations
  6378 | D:6      | Gained mutation: You are weak. (Str -2) [Xom's mischief]
  6378 | D:6      | Lost mutation: You possess an exceptional clarity of mind.
                  | [Xom's mischief]
  6378 | D:6      | Lost mutation: You are weak. (Str -2) [Xom's mischief]
  6378 | D:6      | Gained mutation: Your flesh is heat resistant. (rF+) [Xom's
                  | mischief]
  6401 | D:6      | XOM: potion effect (might)
  6552 | D:6      | Reached skill level 1 in Shields
  6711 | D:6      | XOM: give mutation
  6711 | D:6      | Gained mutation: Your muscles are strong. (Str +4, Int/Dex
                  | -1) [Xom's mischief]
  7245 | D:7      | XOM: 3-stop teleportation journey
  7512 | D:7      | Noticed Pikel
  7521 | D:7      | XOM: summons 9 friendly demons
  7536 | D:7      | XOM: divination: detect creatures
  7550 | D:7      | Killed Pikel
  7672 | D:7      | XOM: confuse monster(s)
  7815 | D:8      | XOM: 1-stop teleportation journey
  7965 | D:8      | Reached XP level 10. HP: 54/54 MP: 15/19
  7966 | D:8      | Found the amulet of Vitality {RegenMP++ Regen++}
  8042 | D:8      | XOM: 1-stop teleportation journey
  8546 | D:8      | XOM: summons 6 hostile demons
  8650 | D:8      | Found a snail-covered altar of Cheibriados.
  8658 | D:8      | Found an iron altar of Okawaru.
  8659 | D:8      | Found a radiant altar of Vehumet.
  8659 | D:8      | Found a white marble altar of Elyvilon.
  8661 | D:8      | Found a stormy altar of Qazlal.
  8662 | D:8      | Found a shadowy altar of Dithmenos.
  8663 | D:8      | Found a sacrificial altar of Ru.
  8900 | D:8      | Reached skill level 9 in Dodging
  9319 | D:9      | XOM: draining
  9348 | D:9      | XOM: potion effect (berserk rage)
  9354 | D:9      | XOM: confuse monster(s)
  9355 | D:9      | Reached skill level 10 in Dodging
  9392 | D:9      | XOM: scenery: create altars
  9453 | D:9      | XOM: blink monster(s)
  9461 | D:8      | Reached skill level 11 in Dodging
  9511 | D:9      | Found Beaps's Tremendous Tomes.
  9738 | D:9      | Found a blossoming altar of Fedhas.
  9757 | D:9      | XOM: cloud trail
  9784 | D:10     | Entered Level 10 of the Dungeon
  9784 | D:10     | Noticed Joseph
  9797 | D:10     | Killed Joseph
  9831 | D:10     | a troll changed into a harpy
  9831 | D:10     | Noticed a harpy
  9879 | D:9      | XOM: fog
  9883 | D:9      | XOM: potion effect (brilliance)
  9887 | D:9      | Killed a harpy
  9934 | D:10     | XOM: scenery: summon butterflies
 10028 | D:10     | XOM: give mutations
 10028 | D:10     | Gained mutation: Your body sometimes deteriorates upon
                  | taking damage. [Xom's mischief]
 10028 | D:10     | Lost mutation: Your flesh is heat resistant. (rF+) [Xom's
                  | mischief]
 10267 | D:10     | Reached skill level 1 in Evocations
 10480 | D:10     | XOM: noise
 10582 | D:10     | Found a shimmering altar of Xom.
 10707 | D:10     | Found a sparkling altar of Nemelex Xobeh.
 10752 | D:10     | XOM: polymorph wolf -> howler monkey
 10877 | D:10     | Found a burning altar of Makhleb.
 11031 | D:10     | Noticed a two-headed ogre
 11032 | D:10     | XOM: polymorph wolf -> scorpion
 11036 | D:10     | XOM: polymorph scorpion -> worm
 11048 | D:10     | Killed a two-headed ogre
 11049 | D:10     | Reached XP level 11. HP: 58/58 MP: 23/23
 11142 | D:10     | XOM: polymorph wolf -> iguana
 11209 | D:10     | XOM: summons 2 hostile shadow creatures
 11475 | D:11     | Found a staircase to the Lair.
 11495 | D:11     | XOM: give mutations
 11495 | D:11     | Lost mutation: Your muscles are strong. (Str +4, Int/Dex
                  | -1) [Xom's mischief]
 11495 | D:11     | Gained mutation: Armour fits poorly on your strangely
                  | shaped body. [Xom's mischief]
 11495 | D:11     | Gained mutation: You are partially covered in iridescent
                  | scales. (AC +2) [Xom's mischief]
 11495 | D:11     | Lost mutation: You have large cloven feet. [Xom's mischief]
 11506 | D:11     | Reached skill level 5 in Evocations
 11652 | D:11     | XOM: summons friendly quasit
 11661 | D:11     | XOM: enchant monster (good)
 11847 | D:11     | XOM: 8-stop teleportation journey
 11854 | D:11     | XOM: destruction
 11904 | D:11     | XOM: 2-stop teleportation journey
 12002 | D:11     | XOM: cloud trail
 12105 | D:11     | Mangled by a komodo dragon

Illustrated notes

Levels and vault maps discovered:
D:1:      mainiacjoe_arrival_reflecting_pool, layout_loops_cross, minivault_19
D:2:      minmay_thinvault, layout_loops_ring, minmay_joined_circles
D:3:      layout_loops_corners, zin_academy, gup_sewer_entry_spiral,
          dilly_ecumenical_altar_fadedgnrine, serial_bayou_lagoon_a,
          eino_tiny_chamber
D:4:      layout_basic, nicolae_hepliaklqana_hazy_memory, temple_hall,
          chequers_serial_rivers_micro_e
D:5:      layout_cave_pools, serial_shops, shop
D:6:      minmay_general_purpose_star, layout_basic, kennysheep_generic_room_3
D:7:      layout_loops_ring, uniq_pikel
D:8:      wander_river, layout_layer_cave, minitemple
D:9:      layout_rooms, fedhas_altar_3, nicolae_shop_i_like_big_books,
          kb_lookout_dungeons_type
D:10:     layout_grid_maze, kennysheep_mini_moat,
          nemelex_xobeh_ov_fountains_minmay, kennysheep_little_box, uniq_joseph
D:11:     layout_loops_cross, erik_lair_orcish_takeover
Temple:   compressed_dpeg_triangle_lava_temple

Skill      XL: |  1  2  3  4  5  6  7  8  9 10 11 |
---------------+----------------------------------+-----
Stealth        | 2 3 |  3.1
Short Blades   | 4 7 8 |  8.0
Spellcasting   | 1 3 5 7 |  7.0
Summonings     | 1 3 4 7 8 9 |  9.5
Dodging        | 8 11 | 11.0
Shields        | 4 |  4.0
Evocations     | 4 7 |  7.6
Fighting       | |  2.4
Armour         | |  0.7

Action                   |  1- 3 |  4- 6 |  7- 9 | 10-12 || total
-------------------------+-------+-------+-------+-------++-------
Melee: Short sword       |   111 |   223 |   204 |   271 ||   809
       Punch             |     1 |       |       |       ||     1
       Kick              |       |    43 |     7 |       ||    50
Throw: Dart              |       |       |     5 |     2 ||     7
 Cast: Call Canine Famil |       |     1 |    43 |    47 ||    91
  Use: Scroll            |       |    11 |     4 |     7 ||    22
       Potion            |       |     2 |       |     1 ||     3
 Stab: Sleeping          |    10 |     2 |     6 |     1 ||    19
       Petrifying        |       |     2 |       |       ||     2
       Petrified         |       |     2 |       |       ||     2
       Paralysed         |       |     2 |     1 |     1 ||     4
       Distracted        |       |       |     2 |     3 ||     5
       Confused          |       |       |     1 |     1 ||     2
Armor: Leather armour    |    25 |    39 |    82 |    86 ||   232
Dodge: Dodged            |    45 |   116 |   106 |   191 ||   458
Block: Buckler           |       |       |    37 |    91 ||   128

Table legend: (Time is in decaauts)
 A = Elapsed time spent in this place.
 B = Non-inter-level travel time spent in this place.
 C = Inter-level travel time spent in this place.
 D = Time resting spent in this place.
 E = Time spent auto-exploring this place.
 F = Levels seen in this place.
 G = Mean time per level.
                   A        B        C        D        E       F      G
               +--------+--------+--------+--------+--------+-----+--------+
         Total |  12009 |  11562 |    447 |   1131 |   7424 |  13 |  923.8 |
       Dungeon |  11498 |  11065 |    433 |   1131 |   7106 |  11 | 1045.3 |
        Temple |    233 |    219 |     14 |      0 |    210 |   1 |  233.0 |
         Sewer |    277 |    277 |      0 |      0 |    107 |   1 |  277.0 |
               +--------+--------+--------+--------+--------+-----+--------+

Top non-repeatable levels by time:
    D:10: 1480 daAuts
     D:8: 1458 daAuts
     D:6: 1368 daAuts
     D:3: 1289 daAuts
     D:2: 1281 daAuts
     D:4: 951 daAuts
     D:1: 844 daAuts
     D:7: 768 daAuts
    D:11: 726 daAuts
     D:5: 687 daAuts
     D:9: 642 daAuts
   Sewer: 277 daAuts
  Temple: 233 daAuts
